 Dungeon Crawl Stone Soup version 0.20-a0-924-gfa95efa (webtiles) character file.

63 umky the Skirmisher (level 3, -7/29 HPs)
             Began as a Demonspawn Chaos Knight on Mar 27, 2017.
             Mangled by a wolf (9 damage)
             ... on level 3 of the Dungeon.
             The game lasted 00:19:33 (1705 turns).

umky the Skirmisher (Demonspawn Chaos Knight)       Turns: 1705, Time: 00:19:34

Health: -7/29      AC: 10    Str: 13      XL:     3   Next: 87%
Magic:  0/3        EV:  6    Int: 13      God:    Xom [......]
Gold:   50         SH:  0    Dex: 11 (12) Spells: 2/2 levels left

rFire    . . .     SeeInvis .   a - +0 hand axe (chaos)
rCold    . . .     Gourm    .   (no shield)
rNeg     . . .     Faith    .   f - +0 chain mail
rPois    .         Spirit   +   (no helmet)
rElec    .         Reflect  .   d - +1 cloak {MR+}
rCorr    .         Harm     .   (no gloves)
MR       +....                  (no boots)
Stlth    ..........             (no amulet)
Regen    0.1/turn               (no ring)
MPRegen  0.2/turn               (no ring)

@: no status effects
A: magic shield, magic regeneration
a: Renounce Religion


You were on level 3 of the Dungeon.
You worshipped Xom.
You were a very special plaything of Xom.
You were not hungry.

You visited 1 branch of the dungeon, and saw 3 of its levels.

You collected 50 gold pieces.

Inventory:

Hand Weapons
 a - a +0 hand axe of chaos (weapon)
Missiles
 u - 2 javelins (quivered)
Armour
 b - a +2 leather armour
 d - a +1 cloak of magic resistance (worn)
 f - a +0 chain mail (worn)
 h - a +0 leather armour
 l - a +0 ring mail
 m - a +0 scale mail
 w - a +0 ring mail
Scrolls
 e - a scroll of identify {unknown}
 r - a scroll of immolation {unknown}
 v - a scroll of teleportation {unknown}
Potions
 i - a potion of invisibility {unknown}
 j - a potion of flight {unknown}
 k - a potion of agility {unknown}
 n - a potion of heal wounds {unknown}
 o - 2 potions of lignification {unknown}
 p - a potion of brilliance {unknown}
 q - a potion of curing {unknown}
 t - a potion of degeneration {unknown}
Comestibles
 c - 2 bread rations
 g - 2 royal jellies
 s - 2 chunks of flesh


   Skills:
 * Level 3.5 Fighting
 + Level 3.4 Axes
 + Level 2.4 Armour
 + Level 1.0 Dodging
 + Level 0.4 Stealth


You had 2 spell levels left.
You didn't know any spells.

Dungeon Overview and Level Annotations

Branches:
Dungeon (3/15)

Altars:
Yredelemnul


Innate Abilities, Weirdness & Mutations

When hurt, damage is shared between your health and your magic reserves.
You regenerate magic rapidly.


Message History

You hit something.
A wolf appears out of thin air!
Reactivating autopickup.
The wolf barely misses you.
You hit the wolf.
The wolf is lightly wounded.
The wolf barely misses you. The wolf bites you.
You closely miss the wolf.
The wolf is lightly wounded.
The wolf bites you. x2
You slash the wolf!
The wolf goes berserk!
The wolf is moderately wounded.
The wolf bites you but does no damage. The wolf bites you! x2
* * * LOW HITPOINT WARNING * * *
You emit a cloud of colourful smoke! "First here, now there."
You swap places with the orc.
Some monsters swap places.
The wolf bites you!
* * * LOW HITPOINT WARNING * * *
The wolf bites you!
You die...
Xom guffaws!

#.....#######.##.
#.........#......
#
#.....###........
###.##.....#
#...#....
#....§§#####
#...# .. #.#.##o#
#...# ... #.# #§#
#...#....
#...##h#
#........
#....@o#
#.<...#.#
.......oo#
#####..#
.##.##..... ....
# ..#.##.. .##.
##.#.# ## . ..#.#
.....# ### ##


You could see a wolf (berserk), an orc priest and 3 orcs.

Vanquished Creatures
  An adder (D:2)
  A gnoll (D:1)
  An ooze (D:2)
  A worm (D:2)
  A dart slug (D:1)
  2 orcs (D:3)
  4 bats
  6 giant cockroaches (D:1)
  2 goblins
  7 hobgoblins
  A frilled lizard (D:1)
  A kobold (D:1)
  2 rats (D:1)
30 creatures vanquished.

Notes
Turn   | Place    | Note
-------+----------+-------------------------------------------
     0 | D:1      | umky the Demonspawn Chaos Knight began the quest for the Orb.
     0 | D:1      | Reached XP level 1. HP: 18/18 MP: 1/1
    43 | D:1      | XOM: silly message
   106 | D:1      | XOM: divination: magic mapping
   138 | D:1      | Reached skill level 1 in Dodging
   287 | D:1      | Gained mutation: When hurt, damage is shared between your health and your magic reserves. [demonic ancestry]
   287 | D:1      | Reached XP level 2. HP: 24/24 MP: 2/2
   613 | D:1      | XOM: cast spell 'Shadow Creatures'
   623 | D:1      | Gained mutation: You regenerate magic rapidly. [demonic ancestry]
   623 | D:1      | Reached XP level 3. HP: 22/29 MP: 3/3
   978 | D:2      | Found a basalt altar of Yredelemnul.
  1282 | D:2      | XOM: stat loss: -1 Dex (11/12)
  1575 | D:2      | XOM: mild Chrm miscast
  1701 | D:3      | Noticed a wolf
  1704 | D:3      | XOM: smoke on damage
  1705 | D:3      | XOM: swap monsters
  1705 | D:3      | Mangled by a wolf

Vault maps used:
D:1:      eino_arrival_cavern_a, corexii_corridor_pit, serial_park_tiny_1,
          grunt_decor_one_mirror
D:2:      yredelemnul_altar_generic, minmay_misc_feat_diagonals
D:3:      first_bread, minmay_misc_feat_cross, uniq_crazy_yiuf_cottage

Skill      XL: |  1  2 |
---------------+-------+-----
Dodging        | 1 |  1.0
Axes           | 3 |  3.4
Armour         | 2 |  2.4
Fighting       | |  3.5
Stealth        | |  0.4

Action                   || total
-------------------------++-------
Melee: Hand axe          ||   125
 Stab: Confused          ||     5
  Eat: Chunk             ||     3
Armor: Chain mail        ||    86
Dodge: Dodged            ||    33
